 Dungeon Crawl Stone Soup version 0.28.0 (webtiles) character file.

Game seed: 217962318680422226

166 KamiKatze the Shield-Bearer (level 5, -2/28 HPs)
             Began as a Vine Stalker Fighter on Feb 6, 2022.
             Slain by Ijyb (4 damage)
             ... on level 3 of the Dungeon.
             The game lasted 00:05:32 (1849 turns).

KamiKatze the Shield-Bearer (Vine Stalker Fighter)  Turns: 1849, Time: 00:05:32

Health: -2/28      AC:  6    Str: 21    XL:     5   Next: 47%
Magic:  0/6        EV:  9    Int:  8    God:
Gold:   143        SH:  5    Dex: 13    Spells: 4/4 levels left

rFire   . . .      SeeInvis .   a - +0 rapier
rCold   . . .      Faith    .   c - +0 buckler
rNeg    . . .      Spirit   +   b - +0 scale mail
rPois   .          Reflect  .   (no helmet)
rElec   .          Harm     .   (no cloak)
rCorr   .          Rampage  .   (no gloves)
Will    .....                   (no boots)
Stlth   ..........              (no amulet)
HPRegen 0.89/turn               (no ring)
MPRegen 0.10/turn               (no ring)

@: mighty
A: fangs 2, regeneration 1, magic shield, antimagic bite, no potion heal 2
a: no special abilities


You were on level 3 of the Dungeon.
You visited 1 branch of the dungeon, and saw 3 of its levels.

You collected 143 gold pieces.

Inventory:

Hand Weapons
 a - a +0 rapier (weapon)
Missiles
 e - 95 stones (quivered)
Armour
 b - a +0 scale mail (worn)
 c - a +0 buckler (worn)
Wands
 k - a wand of mindburst (4)
Scrolls
 f - 3 scrolls of teleportation {unknown}
 g - 5 scrolls of identify {unknown}
 j - a scroll of torment {unknown}
 l - a scroll of holy word {unknown}
 n - a scroll of blinking {unknown}
Potions
 h - a potion of heal wounds {unknown}
 i - 2 potions of mutation {unknown}
 m - a potion of brilliance {unknown}


   Skills:
 + Level 3.3 Fighting
 * Level 3.3 Short Blades
 - Level 2.4 Armour
 * Level 4.0 Shields


You had 4 spell levels left.
You didn't know any spells.
Your spell library contained the following spells:

 Spells                   Type           Power      Damage    Failure   Level
 Ignite Poison            Fire/Tmut/Pois 0%         N/A       99%         3
 Mephitic Cloud           Conj/Pois/Air  0%         N/A       99%         3
 Freezing Cloud           Conj/Ice/Air   0%         6-21      100%        5


Dungeon Overview and Level Annotations

Branches:
Dungeon (3/15)

Altars:

Annotations:
D:3 Ijyb


Innate Abilities, Weirdness & Mutations

You have extremely sharp teeth.
Your natural rate of healing is unusually fast.
When hurt, damage is shared between your health and your magic reserves.
Your bite disrupts and absorbs the magic of your enemies.
Potions cannot restore your health.


Message History

You block Ijyb's attack.
You closely miss Ijyb. Your bite misses Ijyb.
Ijyb is moderately wounded.
Ijyb hits you with a +0 dagger. Ijyb hits you with a +0 dagger!
You closely miss Ijyb. Your bite misses Ijyb.
Ijyb is moderately wounded.
Ijyb misses you.
You completely miss Ijyb. You bite Ijyb. You drain her power.
You feel invigorated.
Ijyb is moderately wounded.
Ijyb barely misses you. Ijyb hits you with a +0 dagger.
You hit Ijyb. Your bite misses Ijyb.
Ijyb is heavily wounded.
You block Ijyb's attack.
You puncture Ijyb! Your bite misses Ijyb.
Ijyb is severely wounded.
Ijyb closely misses you. Ijyb hits you but does no damage.
You hit Ijyb but do no damage.
Ijyb is severely wounded.
Ijyb hits you with a +0 dagger. Ijyb hits you with a +0 dagger!
* * * LOW HITPOINT WARNING * * *
You are too injured to fight recklessly!
You are too injured to fight recklessly!
You hit Ijyb. You bite Ijyb. You drain her power.
You feel invigorated.
Ijyb is severely wounded.
Ijyb hits you with a +0 dagger!
* * * LOW HITPOINT WARNING * * *
You hit Ijyb but do no damage. Your bite misses Ijyb.
Ijyb is severely wounded.
Ijyb completely misses you. Ijyb hits you with a +0 dagger!
* * * LOW HITPOINT WARNING * * *
Unknown command.
You feel very mighty all of a sudden. Ijyb barely misses you.
You hit Ijyb. You bite Ijyb. You drain her power.
You feel invigorated.
Ijyb is almost dead.
Ijyb hits you with a +0 dagger!
* * * LOW HITPOINT WARNING * * *
Ijyb hits you with a +0 dagger!
You die...

..##.#######..#..####.#
..##.# ##.........#
.....# ##.########
###.## ######.#
.##.#####......#
#......##.######
.##.##.##.#
.##.##.##.#########
.##.............@)#
.#####.##########g#
.#####># #g# .......#
#.## ######## #..###
###...### ###≈≈...≈≈###
#≈≈≈≈...≈≈≈≈#
≈≈≈≈≈##'''##≈≈≈#


You could see Ijyb (berserk) and a goblin.

Vanquished Creatures
  An orc wizard (D:2)
  2 gnolls
  5 adders
  2 dart slugs
  4 orcs
  6 ball pythons
  3 endoplasms
  4 giant cockroaches
  9 goblins
  7 hobgoblins
  2 jackals (D:3)
  A quokka (D:1)
  4 bats
  5 frilled lizards
  8 kobolds
  4 rats
67 creatures vanquished.

Notes
Turn   | Place    | Note
-------+----------+-------------------------------------------
     0 | D:1      | KamiKatze the Vine Stalker Fighter began the quest for the
                  | Orb.
     0 | D:1      | Reached XP level 1. HP: 11/11 MP: 2/2
   144 | D:1      | Reached XP level 2. HP: 16/16 MP: 3/3
   210 | D:1      | Reached skill level 3 in Shields
   571 | D:1      | Reached XP level 3. HP: 19/19 MP: 4/4
  1028 | D:2      | Found a faded altar of an unknown god.
  1076 | D:2      | Gained mutation: Your natural rate of healing is unusually
                  | fast. [Vine Stalker growth]
  1076 | D:2      | Reached XP level 4. HP: 24/24 MP: 5/5
  1312 | D:3      | Reached XP level 5. HP: 25/28 MP: 2/6
  1521 | D:3      | Reached skill level 4 in Shields
  1806 | D:3      | Noticed Ijyb
  1849 | D:3      | Slain by Ijyb

Illustrated notes

Levels and vault maps discovered:
D:1:      dpeg_arrival_three_same_balls, layout_loops_ring,
          minmay_split_cup_large
D:2:      layout_rooms, shapermc_ecumenical_altar_totnotflames, minivault_26
D:3:      kennysheep_goblin_castle, layout_loops_cross

Skill      XL: |  1  2  3  4  5 |
---------------+----------------+-----
Short Blades   | 2 3 |  3.3
Shields        | 3 4 |  4.0
Fighting       | 3 |  3.3
Armour         | |  2.4

Action                   |  1- 3 |  4- 6 || total
-------------------------+-------+-------++-------
Melee: Rapier            |    80 |    95 ||   175
       Bite              |    16 |    20 ||    36
  Use: Potion            |       |     2 ||     2
Armor: Scale mail        |    25 |    41 ||    66
Dodge: Dodged            |    31 |    39 ||    70
Block: Buckler           |    18 |    26 ||    44
